 Dungeon Crawl Stone Soup version 0.29-a0-717-g6dac4ea423 (webtiles) character file.

Game seed: 4074139512625783337

12761 Sabo the Basher (level 11, -7/99 HPs)
             Began as a Hill Orc Fighter on June 26, 2022.
             Was an Elder of Makhleb.
             Mangled by a death yak (14 damage)
             ... on level 11 of the Dungeon.
             The game lasted 01:04:34 (13117 turns).

Sabo the Basher (Hill Orc Fighter)                 Turns: 13117, Time: 01:04:34

Health: -7/99      AC: 20    Str: 24    XL:     11   Next: 98%
Magic:  11/11      EV: 12    Int:  8    God:    Makhleb [****..]
Gold:   550        SH:  6    Dex: 16    Spells: 10/10 levels left

rFire   + + +      SeeInvis +   v - +6 flail of Undoing {drain, rN+ Stlth+}
rCold   . . .      Faith    .   c - +0 buckler
rNeg    + . .      Spirit   .   O - +1 swamp dragon scales
rPois   +          Reflect  .   b - +2 helmet
rElec   .          Harm     .   Q - +2 cloak
rCorr   .          Rampage  .   o - +0 pair of gloves of Niahier {-Cast *Corrode rF+++ Stlth+}
Will    .....      NoCast   +   g - +0 pair of boots
Stlth   ++++......              (no amulet)
HPRegen 0.26/turn               U - ring of see invisible
MPRegen 0.12/turn               i - +6 ring of dexterity

@: no status effects
A: no striking features
a: Renounce Religion, Minor Destruction, Lesser Servant of Makhleb, Major
Destruction


You were on level 11 of the Dungeon.
You worshipped Makhleb.
Makhleb was greatly pleased with you.
You visited 1 branch of the dungeon, and saw 11 of its levels.

You collected 550 gold pieces.

Inventory:

Hand Weapons
 v - the +6 flail of Undoing (weapon) {drain, rN+ Stlth+}
   (You found it on level 3 of the Dungeon)

   A truly terrible weapon, it drains the life of any living foe it strikes.
   rN:        It protects you from negative energy.
   Stlth:     It makes you more stealthy.
 E - a +3 vorpal sling
 G - a +3 broad axe of freezing
 M - a +1 halberd of flaming
 S - the +4 quarterstaff of Cetaguav {pain, Dex+4}
   (You found it on level 10 of the Dungeon)

   In the hands of one skilled in necromantic magic, it inflicts extra damage on
   living creatures.
   Dex:       It affects your dexterity (+4).
 T - a +4 whip of venom
Missiles
 k - a curare-tipped dart
 m - 4 atropa-tipped darts (quivered)
 p - 4 boomerangs
 t - 5 javelins
 y - 3 boomerangs of dispersal
 H - 55 poisoned darts
 L - 2 throwing nets
Armour
 b - a +2 helmet (worn)
 c - a +0 buckler (worn)
 g - a +0 pair of boots (worn)
 o - the +0 pair of gloves of Niahier (worn) {-Cast *Corrode rF+++ Stlth+}
   (You found it on level 2 of the Dungeon)

   rF:        It renders you almost immune to fire.
   -Cast:     It prevents spellcasting.
   *Corrode:  It may corrode you when you take damage.
   Stlth:     It makes you more stealthy.
 z - a +0 pair of gloves
 O - +1 swamp dragon scales (worn)
 Q - a +2 cloak (worn)
Jewellery
 f - a ring of willpower
 i - a +6 ring of dexterity (right hand)
 C - a ring of protection from cold
 J - a ring of resist corrosion
 U - a ring of see invisible (left hand)
Wands
 a - a wand of iceblast (17)
 e - a wand of paralysis (6)
 u - a wand of polymorph (9)
 x - a wand of quicksilver (24)
Scrolls
 r - 2 scrolls of poison
 w - 3 scrolls of summoning
 K - 2 scrolls of magic mapping
 N - 2 scrolls of fog
 P - a scroll of teleportation
Potions
 d - 2 potions of might
 h - 3 potions of invisibility
 l - a potion of haste
 n - a potion of resistance {unknown}
 q - a potion of lignification {unknown}
 s - a potion of cancellation
 A - a potion of berserk rage
 B - a potion of degeneration {unknown}
 D - 2 potions of attraction {unknown}
 F - 5 potions of curing
 I - 2 potions of flight
 R - a potion of mutation {unknown}


   Skills:
 + Level 10.1 Fighting
 + Level 8.7(12.4) Axes
 + Level 12.0(12.8) Maces & Flails
 + Level 0.4 Throwing
 + Level 8.6 Armour
 + Level 4.3 Dodging
 + Level 3.2 Stealth
 + Level 7.6 Shields


You had 10 spell levels left.
You didn't know any spells.
Your spell library contained the following spells:

 Spells                   Type           Power      Damage    Failure   Level
 Foxfire                  Conj/Fire      0%         2x1d4     61%         1
 Sublimation of Blood     Necr           0%         N/A       75%         2
 Wereblood                Tmut           0%         N/A       75%         2
 Conjure Flame            Conj/Fire      0%         6-21      93%         3
 Inner Flame              Hex/Fire       0%         N/A       93%         3
 Cause Fear               Hex            0%         N/A       100%        4
 Flame Wave               Conj/Fire      0%         2d4       100%        4
 Fulminant Prism          Conj/Hex       0%         3d6       100%        4
 Iskenderun's Mystic Bla  Conj/Tloc      0%         2d3       100%        4
 Blade Hands              Tmut           0%         N/A       100%        5
 Irradiate                Conj/Tmut      0%         3d13      100%        5
 Lee's Rapid Deconstruct  Erth           0%         3d5*      100%        5
 Dragon Form              Tmut           0%         N/A       100%        7
 Summon Hydra             Summ           0%         N/A       100%        7
 Dragon's Call            Summ           0%         N/A       100%        9


Dungeon Overview and Level Annotations

Branches:
Dungeon (11/15)            Temple (0/1) D:4
   Lair: D:8-11         Orc: D:9-12

Altars:
Cheibriados
Elyvilon
Fedhas
Kikubaaqudgha
Makhleb
Nemelex Xobeh
Xom
The Shining One


Message History

The two-headed ogre is heavily wounded.
You hit the death yak but do no damage. You drain the death yak.
The death yak is severely wounded.
You sock the death yak!
You kill the death yak!
Makhleb accepts your kill.
You feel better.
You hear the beating of a drum very nearby.
Your Fighting skill increases to level 10!
You sock the death yak! You drain the death yak.
The death yak is heavily wounded.
You block the death yak's attack.
You hit the death yak but do no damage. You drain the death yak.
The death yak is heavily wounded.
You sock the death yak!
The death yak is severely wounded.
The death yak gores you!
* * * LOW HITPOINT WARNING * * *
You thump the death yak!
The death yak is almost dead.
The death yak gores you!
* * * LOW HITPOINT WARNING * * *
You sock the death yak! You drain the death yak.
You kill the death yak!
Makhleb accepts your kill.
You feel better.
Your Maces & Flails skill increases to level 12!
You barely miss the death yak.
The death yak is moderately wounded.
The death yak gores you but does no damage.
You hit the death yak.
The death yak is heavily wounded.
The death yak gores you!
* * * LOW HITPOINT WARNING * * *
You hit the death yak. You drain the death yak.
The death yak is heavily wounded.
You hit the death yak. You drain the death yak.
The death yak is heavily wounded.
The death yak gores you!
You die...

## .. .... #..
##### #.. # .....
#.. .#
......#.###..#
......#.[@YO.#
........?##......
.....#<.# ##.#.
#### ##.# ..#
?### .. .. ###


You could see a death yak (drained) and a two-headed ogre (drained).

Vanquished Creatures
  4 two-headed ogres
  6 death yaks (D:11)
  Pikel (D:8)
  Joseph (D:7)
  Maggie (D:7)
  A hornet (D:8)
  Grinder (D:3)
  A vampire (D:10)
  A shadow (D:9)
  3 yaks (D:9)
  2 steam dragons
  2 water moccasins
  An acid dragon (D:11)
  4 orc warriors
  3 black bears
  4 sky beasts
  3 ogres
  A centaur (D:9)
  A phantom (D:5)
  3 kobold brigands
  6 bullfrogs
  2 gnoll sergeants
  4 scorpions
  A wight (D:10)
  16 killer bees
  A howler monkey (D:6)
  2 jellies (D:4)
  4 hounds
  4 orc priests
  A gnoll shaman (D:5)
  2 iguanas
  12 orc wizards
  13 gnolls
  8 adders
  4 white imps
  3 ufetubi
  A worm (D:5)
  2 dart slugs
  40 orcs
  4 ball pythons
  5 bats
  6 endoplasms
  3 giant cockroaches
  8 goblins
  4 hobgoblins
  2 jackals (D:1)
  23 kobolds
  2 quokkas
  2 frilled lizards
  2 rats
231 creatures vanquished.

Vanquished Creatures (others)
  A frilled lizard (D:3)
  4 plants (D:9)
5 creatures vanquished.

Grand Total: 236 creatures vanquished

Notes
Turn   | Place    | Note
-------+----------+-------------------------------------------
     0 | D:1      | Sabo the Hill Orc Fighter began the quest for the Orb.
     0 | D:1      | Reached XP level 1. HP: 19/19 MP: 1/1
   210 | D:1      | Reached XP level 2. HP: 14/27 MP: 2/2
   666 | D:1      | Reached XP level 3. HP: 28/33 MP: 3/3
  1623 | D:2      | Identified the +0 pair of gloves of Niahier {-Cast *Corrode
                  | rF+++ Stlth+}
  2316 | D:3      | Reached XP level 4. HP: 41/41 MP: 4/4
  2342 | D:3      | Found a faded altar of an unknown god.
  2346 | D:3      | Prayed at the altar of an unknown god.
  2346 | D:3      | Became a worshipper of Elyvilon the Healer
  2346 | D:3      | Reached * piety under Elyvilon
  2356 | D:3      | Found a burning altar of Makhleb.
  2368 | D:3      | Fell from the grace of Elyvilon
  2368 | D:3      | Became a worshipper of Makhleb the Destroyer
  2372 | D:4      | Noticed an ogre
  2380 | D:4      | Killed an ogre
  2381 | D:4      | Reached skill level 5 in Axes
  2381 | D:4      | Reached XP level 5. HP: 47/47 MP: 5/5
  2421 | D:4      | Found a snail-covered altar of Cheibriados.
  2566 | D:3      | Identified the +6 flail of Undoing {drain, rN+ Stlth+}
  2640 | D:3      | Was forgiven by Elyvilon
  2643 | D:3      | Noticed Grinder
  2649 | D:3      | Paralysed by Grinder for 4 turns
  2655 | D:3      | Killed Grinder
  2656 | D:3      | Reached skill level 5 in Fighting
  2656 | D:3      | Reached skill level 1 in Maces & Flails
  2656 | D:3      | Reached XP level 6. HP: 47/56 MP: 6/6
  3173 | D:3      | Found an ancient bone altar of Kikubaaqudgha.
  4168 | D:4      | Noticed a black bear
  4189 | D:4      | Killed a black bear
  4190 | D:4      | Reached skill level 2 in Maces & Flails
  4190 | D:4      | Reached XP level 7. HP: 54/61 MP: 7/7
  4224 | D:4      | Reached * piety under Makhleb
  4225 | D:4      | Reached skill level 5 in Armour
  4277 | D:4      | Reached skill level 3 in Maces & Flails
  5014 | D:4      | Found a staircase to the Ecumenical Temple.
  5199 | D:5      | Entered Level 5 of the Dungeon
  5240 | D:5      | Reached skill level 4 in Maces & Flails
  5240 | D:5      | Reached skill level 1 in Stealth
  5240 | D:5      | Reached XP level 8. HP: 12/70 MP: 8/8
  5947 | D:5      | Reached skill level 5 in Maces & Flails
  7108 | D:6      | Reached ** piety under Makhleb
  7313 | D:6      | Reached skill level 6 in Maces & Flails
  7313 | D:6      | Reached skill level 5 in Shields
  7389 | D:6      | Reached skill level 1 in Dodging
  7389 | D:6      | Reached XP level 9. HP: 78/78 MP: 9/9
  7877 | D:7      | Identified a scroll of acquirement
  7879 | D:7      | Acquired a +2 broad axe of freezing
  7981 | D:7      | Reached skill level 7 in Maces & Flails
  8748 | D:7      | Found a glowing golden altar of the Shining One.
  8758 | D:7      | Noticed Maggie
  8773 | D:7      | Killed Maggie
  8774 | D:7      | Reached skill level 8 in Maces & Flails
  8774 | D:7      | Reached XP level 10. HP: 73/88 MP: 10/10
  8975 | D:7      | Noticed Joseph
  8982 | D:7      | Paralysed by Joseph for 5 turns
  8994 | D:7      | Killed Joseph
  9598 | D:8      | Reached *** piety under Makhleb
  9741 | D:8      | Noticed Pikel
  9765 | D:8      | Killed Pikel
  9988 | D:8      | Reached skill level 9 in Maces & Flails
 11379 | D:9      | Noticed a two-headed ogre
 11392 | D:9      | Killed a two-headed ogre
 11393 | D:9      | Reached XP level 11. HP: 79/95 MP: 11/11
 11614 | D:9      | Found a blossoming altar of Fedhas.
 11646 | D:9      | Reached skill level 10 in Maces & Flails
 11919 | D:10     | Entered Level 10 of the Dungeon
 12227 | D:10     | Noticed a two-headed ogre
 12234 | D:10     | Killed a two-headed ogre
 12258 | D:10     | Identified the +4 quarterstaff of Cetaguav {pain, Dex+4}
 12467 | D:10     | Reached **** piety under Makhleb
 12533 | D:10     | Found a sparkling altar of Nemelex Xobeh.
 12723 | D:10     | Found a shimmering altar of Xom.
 12760 | D:10     | Noticed a two-headed ogre
 12771 | D:10     | Killed a two-headed ogre
 12990 | D:11     | Noticed a two-headed ogre
 12998 | D:11     | Killed a two-headed ogre
 13004 | D:11     | Noticed a death yak
 13005 | D:11     | Noticed a death yak
 13007 | D:11     | Noticed a death yak
 13012 | D:11     | Noticed a death yak
 13014 | D:11     | Noticed a death yak
 13017 | D:11     | Noticed a death yak
 13020 | D:11     | Noticed a death yak
 13038 | D:11     | Noticed a two-headed ogre
 13066 | D:11     | Killed a death yak
 13087 | D:11     | Killed a death yak
 13088 | D:11     | Reached skill level 11 in Maces & Flails
 13094 | D:11     | Killed a death yak
 13103 | D:11     | Killed a death yak
 13108 | D:11     | Killed a death yak
 13109 | D:11     | Reached skill level 10 in Fighting
 13113 | D:11     | Killed a death yak
 13114 | D:11     | Reached skill level 12 in Maces & Flails
 13117 | D:11     | Mangled by a death yak

Illustrated notes

Levels and vault maps discovered:
D:1:      saegor_arrival_simple_c, layout_rooms
D:2:      layout_basic
D:3:      layout_basic, general_overflow_altar, mainiacjoe_overflow_alcove_1,
          nicolae_ecumenical_lake_church, hangedman_decor_growths, uniq_grinder
D:4:      layout_basic, marbit_many_paths, mainiacjoe_overflow_boulevard,
          temple_fountains, minmay_pentangle
D:5:      layout_basic
D:6:      minmay_inner_zag, layout_rooms
D:7:      layout_gridville, tso_oasis_becter, uniq_maggie, uniq_joseph
D:8:      layout_loops_corners, uniq_pikel
D:9:      layout_rooms, fedhas_altar_1, minmay_misc_feat_pillars
D:10:     layout_roguey, mainiacjoe_overflow_concentric_impassable,
          mainiacjoe_overflow_chevrons, billiards_dpeg
D:11:     layout_basic, dpeg_lair_monsters, gauntlet_entry_generic,
          minmay_misc_feat_alley, lightli_fourway_metalbox, uniq_erolcha,
          uniq_maurice, uniq_gastronok

Skill      XL: |  1  2  3  4  5  6  7  8  9 10 11 |
---------------+----------------------------------+-----
Axes           | 3 5 6 7 8 |  8.7
Fighting       | 4 5 6 7 8 10 | 10.1
Armour         | 4 5 6 7 8 |  8.6
Maces & Flails | 1 2 4 6 8 9 12 | 12.0
Shields        | 4 5 6 7 |  7.6
Stealth        | 1 2 3 |  3.2
Dodging        | 1 2 3 4 |  4.3
Throwing       | |  0.4

Action                   |  1- 3 |  4- 6 |  7- 9 | 10-12 || total
-------------------------+-------+-------+-------+-------++-------
Melee: War axe           |    87 |    21 |       |       ||   108
       Flail             |       |    51 |   247 |   340 ||   638
       Broad axe         |       |       |     5 |    34 ||    39
Throw: Dart              |       |     2 |       |       ||     2
  Use: Scroll            |     1 |     4 |    10 |     4 ||    19
       Potion            |       |       |     2 |     8 ||    10
 Stab: Sleeping          |       |       |       |     4 ||     4
       Distracted        |       |       |       |     2 ||     2
Armor: Chain mail        |    66 |    47 |   123 |       ||   236
       Scale mail        |     6 |       |       |       ||     6
       Leather armour    |       |       |    43 |       ||    43
       Swamp dragon scal |       |       |       |   162 ||   162
Dodge: Dodged            |    34 |    35 |   146 |   197 ||   412
Block: Buckler           |    17 |    17 |   101 |   108 ||   243

Table legend: (Time is in decaauts)
 A = Elapsed time spent in this place.
 B = Non-inter-level travel time spent in this place.
 C = Inter-level travel time spent in this place.
 D = Time resting spent in this place.
 E = Time spent auto-exploring this place.
 F = Levels seen in this place.
 G = Mean time per level.
                   A        B        C        D        E       F      G
               +--------+--------+--------+--------+--------+-----+--------+
         Total |  13158 |  13158 |      0 |   3974 |      0 |  11 | 1196.2 |
       Dungeon |  13158 |  13158 |      0 |   3974 |      0 |  11 | 1196.2 |
               +--------+--------+--------+--------+--------+-----+--------+

Top non-repeatable levels by time:
     D:7: 1679 daAuts
     D:4: 1611 daAuts
     D:5: 1482 daAuts
     D:8: 1476 daAuts
     D:3: 1306 daAuts
     D:2: 1306 daAuts
     D:6: 1145 daAuts
    D:10: 1060 daAuts
     D:1: 1037 daAuts
     D:9: 944 daAuts
    D:11: 107 daAuts
